Map: 2000 atmosfer ER

Players

SI 1 (Łatwa) - Winner!

  • Race: Terran Terran

Krystianer

  • Race: Protoss Protoss
  • League: Master

VOD

Have the link to the VOD?

Description

Time

  • Played on: Feb. 18, 2022, 7:44 p.m.
  • Length: 4:47
Show
View Real Time Build Order
Export as new Build Order

SI 1 (Łatwa) Terran - Winner!

Build Orders:  

Get SALT Encoding   

  12  0:00  SCV  
  13  0:13  SCV  
  14  0:18  Supply Depot  
  14  0:25  SCV  
  15  0:40  SCV  
  16  0:43  Barracks  
  16  0:44  Refinery  
  16  1:08  Supply Depot  
  16  1:20  Refinery  
  16  1:29  Marine  
  16  1:32  Orbital Command  
  17  1:48  Barracks Tech Lab  
  17  1:58  SCV  
  18  2:06  Marine  
  19  2:10  SCV  
  19  2:12  Supply Depot  
  20  2:22  SCV  
  21  2:23  Marine  
  22  2:34  SCV  
  23  2:42  Marauder  
  25  2:46  SCV  
  27  2:58  SCV  
  27  3:03  Marauder  
Show
View Real Time Build Order
Export as new Build Order

Krystianer Protoss 

Build Orders:  

Get SALT Encoding   

  12  0:00  Probe  
  13  0:12  Probe  
  14  0:17  Pylon  
  14  0:24  Probe (Chrono Boost)  
  16  0:36  Probe (Chrono Boost), Gateway  
  16  0:42  Probe (Chrono Boost)  
  16  0:45  Assimilator  
  17  0:51  Probe  
  18  1:03  Probe  
  19  1:15  Probe  
  20  1:24  Zealot, Cybernetics Core  
  22  1:29  Probe  
  22  1:31  Pylon  
  23  1:49  Nexus  
  23  1:55  Probe  
  23  1:57  Stalker (Chrono Boost)  
  26  2:03  Warp Gate  
  26  2:07  Probe  
  27  2:12  Assimilator  
  27  2:18  Stalker (Chrono Boost)  
  29  2:24  Probe  
  30  2:36  Probe  
  31  2:44  Pylon  
  31  2:53  Gateway x2  
  31  3:01  Probe (Chrono Boost)  
  33  3:06  Probe (Chrono Boost)  
  33  3:10  Gateway  
  33  3:11  Probe (Chrono Boost)  
  34  3:24  Shield Battery  
  34  3:51  Stalker x2  
  34  3:52  Stalker  
  34  3:55  Gateway  
  40  4:05  Stalker  
  42  4:15  Stalker x3  
  48  4:18  Gateway  
  48  4:23  Pylon  
  48  4:33  Stalker  
  50  4:39  Stalker x2  
  50  4:45  Stalker  
Tags
 
Add a new tag
Caveats
  • Supply blocks, unpowered buildings, or Contaminate may cause inaccurate times.
  • Supply counts are checked every 10 seconds.